 Dungeon Crawl Stone Soup version 0.31-a0-202-g547052bce9 (webtiles) character file.

Game seed: 18227674105695165556

27 qw the Shooter (level 2, -3/16 HPs)
             Began as a Deep Elf Hunter on June 26, 2023.
             Slain by a gnoll
             ... wielding a +0 halberd
              (9 damage)
             ... on level 2 of the Dungeon.
             The game lasted 00:00:18 (573 turns).

qw the Shooter (Deep Elf Hunter)                     Turns: 573, Time: 00:00:18

Health: -3/16      AC:  6    Str:  8    XL:     2   Next: 93%
Magic:  4/4        EV:  8    Int: 13    God:
Gold:   70         SH:  0    Dex: 18    Spells: 1/1 levels left

rFire   . . .        Y - +0 shortbow
rCold   . . .        (shield currently unavailable)
rNeg    . . .        f - +0 scale mail
rPois   .            (no helmet)
rElec   .            (no cloak)
rCorr   .            (no gloves)
SInv    .            (no boots)
Will    .....        (no amulet)
Stlth   +            (no ring)
HPRegen 0.22/turn    (no ring)
MPRegen 0.09/turn

%: no passive effects
@: no status effects
A: no striking features
a: no special abilities


You were on level 2 of the Dungeon.
You visited 1 branch of the dungeon, and saw 2 of its levels.

You collected 70 gold pieces.


   Skills:
 - Level 1.5 Fighting
 + Level 6.6 Ranged Weapons
 - Level 2.4 Dodging
 - Level 1.2 Stealth


You had one spell level left.
You didn't know any spells.
Your spell library was empty.

Inventory:

Hand Weapons
 Y - a +0 shortbow (weapon)
Armour
 a - a +1 helmet
 f - a +0 scale mail (worn)
Potions
 h - a potion of enlightenment {unknown}
 i - a potion of curing {unknown}

Dungeon Overview and Level Annotations

Branches:
Dungeon (2/15)

Altars:


Message History

The hobgoblin is lightly wounded.
You shoot an arrow. The arrow closely misses the hobgoblin.
You shoot an arrow. The arrow barely misses the hobgoblin.
The hobgoblin hits you but does no damage.
You shoot an arrow. The arrow hits the hobgoblin!
You kill the hobgoblin!
Found a stone staircase leading down.
You see here a hobgoblin corpse.
a - a +1 helmet
There is a stone staircase leading down here.
Found a sling.
A hobgoblin comes into view.
The hobgoblin shouts!
You hear a shout!
The hobgoblin moves out of view.
A hobgoblin is nearby!
You shoot an arrow. The arrow closely misses the hobgoblin.
You shoot an arrow. The arrow hits the hobgoblin.
The hobgoblin is almost dead.
A gnoll comes into view. It is wielding a +0 halberd.
The hobgoblin hits you.
You shoot an arrow. The arrow hits the hobgoblin.
You kill the hobgoblin!
You shoot an arrow. The arrow barely misses the gnoll.
You start resting.
A gnoll is nearby!
You shoot an arrow. The arrow hits the gnoll.
The gnoll is lightly wounded.
A gnoll comes into view. It is wielding a +0 club.
You shoot an arrow. The gnoll shouts!
The arrow hits the gnoll!
The gnoll is severely wounded.
The gnoll hits you from afar with a +0 halberd.
The gnoll hits you from afar with a +0 halberd!
Ouch! That really hurt!
You shoot an arrow. The arrow hits the gnoll.
The gnoll is severely wounded.
The gnoll hits you from afar with a +0 halberd!
Ouch! That really hurt!
You die...

#.# #.### #...# #.#.#
#.#.# ##### #.#.#
#...# #.#.#
######...#####.#.#####
.?...g%@............>#
..g).#.........%.###.#
.... #...........# #.#
.. #...........# #.#
#...........###.##
#########.####...# #.#
#...# #.# #...# #.#
#...#


You could see 2 gnolls.

Vanquished Creatures
  3 bats (D:1)
  4 endoplasms (D:1)
  2 goblins (D:1)
  4 hobgoblins
  A quokka (D:1)
  5 ball pythons
  A frilled lizard (D:1)
  5 rats
25 creatures vanquished.

Notes
Turn   | Place    | Note
-------+----------+-------------------------------------------
     0 | D:1      | qw the Deep Elf Hunter began the quest for the Orb.
     0 | D:1      | Reached XP level 1. HP: 12/12 MP: 3/3
     0 | D:1      | 0 ||| qw: Version: 0.3-a-22-g0ed2b0b
     0 | D:1      | 0 ||| qw: Game counter: 5779
     0 | D:1      | 0 ||| qw: Melee chars always use a shield: true
     0 | D:1      | 0 ||| qw: God list: Okawaru
     0 | D:1      | 0 ||| qw: Allow faded altars: false
     0 | D:1      | 0 ||| qw: Do Orc after clearing Dungeon:15 true
     0 | D:1      | 0 ||| qw: Do second Lair branch before Depths: true
     0 | D:1      | 0 ||| qw: Lair rune preference: random
     0 | D:1      | 0 ||| qw: Goals: Normal
     0 | D:1      | 0 ||| PLANNING D:1-11
   108 | D:1      | Reached XP level 2. HP: 16/16 MP: 4/4
   116 | D:1      | Found a faded altar of an unknown god.
   134 | D:1      | Reached skill level 6 in Ranged Weapons
   437 | D:1      | 437 ||| UPGRADING to +0 scale mail.
   447 | D:1      | 447 ||| DROPPING +0 leather armour.
   448 | D:1      | 448 ||| DROPPING ring of wizardry.
   449 | D:1      | 449 ||| READING scroll labelled TUOSTOUCS.
   450 | D:1      | 450 ||| READING scroll labelled VUHAINGILO.
   451 | D:1      | 451 ||| READING scroll labelled JUICVAUCOD.
   452 | D:1      | 452 ||| READING scroll labelled YDABEAPOSA.
   453 | D:1      | 453 ||| DROPPING scroll of butterflies.
   573 | D:2      | Slain by a gnoll

Levels and vault maps discovered:
D:1:      psy_arrival_whirlpool, layout_basic,
          shapermc_ecumenical_altar_mp_urbaneastern, hex_intersection
D:2:      minmay_evil_eye, layout_basic, minmay_heptomino_w4

Skill      XL: |  1  2 |
---------------+-------+-----
Ranged Weapons | 6 |  6.6
Fighting       | |  1.5
Dodging        | |  2.4
Stealth        | |  1.2

Action                     || total
---------------------------++-------
   Fire: Shortbow          ||    57
    Use: Scroll            ||     4
 Armour: Scale mail        ||     3
         Leather armour    ||     1
  Dodge: Dodged            ||     3

Table legend:
 A = Non-vault XP
 B = Vault XP
 C = Vault XP percentage of total XP
 D = Non-vault monster count
 E = Vault monster count
 F = Vault count percentage of total count
                 A         B        C        D         E       F
            +---------+---------+-------+---------+---------+-------
      Total |      39 |       0 |   0.0 |      25 |       0 |   0.0
            +---------+---------+-------+---------+---------+-------
        D:1 |      33 |       0 |   0.0 |      21 |       0 |   0.0
        D:2 |       6 |       0 |   0.0 |       4 |       0 |   0.0
            +---------+---------+-------+---------+---------+-------
